 Dungeon Crawl Stone Soup version 0.30.0-18-gc0e69614cb (webtiles) character file.

Game seed: 6526244013400549432

298 RascalDebosk the Magician (level 6, -4/45 HPs)
             Began as a Djinni Fire Elementalist on May 23, 2023.
             Slain by a gnoll
             ... wielding a +0 whip
             ... led by a gnoll bouda
              (5 damage)
             ... on level 4 of the Dungeon.
             The game lasted 00:13:26 (2553 turns).

RascalDebosk the Magician (DjFE)                    Turns: 2553, Time: 00:13:26

Health: -4/45      AC:  2    Str:  7    XL:     6   Next: 62%
Gold:   132        EV: 12    Int: 19    God:
                   SH:  0    Dex: 13

rFire   + + .        s - +0 dagger
rCold   x . .        (no shield)
rNeg    . . .        a - +0 robe
rPois   ∞            (no helmet)
rElec   .            (no cloak)
rCorr   .            (no gloves)
SInv    .            (boots unavailable)
Will    .....        (no amulet)
Stlth   ++           l - +4 ring of slaying
HPRegen 0.27/turn    (no ring)
MPRegen 0.00/turn

%: infuse magic (-5 HP)
@: flying, very slightly contaminated
A: sickness immunity, fire resistance 2, cold vulnerability 1, float, innate
caster, HP casting, extra vitality 1
a: no special abilities


You were on level 4 of the Dungeon.
You visited 1 branch of the dungeon, and saw 4 of its levels.

You collected 132 gold pieces.

Inventory:

Hand Weapons
 s - a +0 dagger (weapon)
Armour
 a - a +0 robe (worn)
Jewellery
 l - a +4 ring of slaying (left hand)
Wands
 u - a wand of flame (25)
Scrolls
 d - a scroll of fog {unknown}
 f - a scroll of poison {unknown}
 h - 4 scrolls of identify {unknown}
 i - a scroll of enchant weapon {unknown}
 j - 2 scrolls of teleportation {unknown}
 m - a scroll of vulnerability {unknown}
 o - 2 scrolls of blinking {unknown}
 r - a scroll of immolation {unknown}
 t - 2 scrolls of amnesia {unknown}
Potions
 b - a potion of degeneration {unknown}
 c - 2 potions of might {unknown}
 e - 2 potions of lignification {unknown}
 g - a potion of attraction {unknown}
 k - a potion of cancellation {unknown}
 n - a potion of ambrosia {unknown}
 p - 2 potions of brilliance {unknown}
 q - a potion of flight {unknown}


   Skills:
 * Level 2.4 Fighting
 + Level 1.5 Armour
 - Level 2.1 Dodging
 - Level 1.5 Stealth
 * Level 4.4 Spellcasting
 + Level 1.4 Evocations


You knew the following spells:

 Your Spells              Type           Power      Damage    Failure   Level
a - Foxfire               Conj/Fire      84%        2x1d8     1%          1
b - Scorch                Fire           42%        2d6       3%          2
c - Volatile Blastmotes   Fire/Tloc      42%        2d13      6%          3
d - Inner Flame           Hex/Fire       21%        N/A       6%          3
e - Flame Wave            Conj/Fire      21%        2d8       21%         4
f - Kiss of Death         Conj/Necr      84%        2d11      1%          1
g - Wereblood             Tmut           21%        N/A       3%          2
Your spell library was empty.

Dungeon Overview and Level Annotations

Branches:
Dungeon (4/15)
 Temple: D:4-7

Altars:
The Shining One

Annotations:
D:3 2 transporters, 1 runed translucent door, Crazy Yiuf; Loveship's ghost, amateur BaGl


Innate Abilities, Weirdness & Mutations

You are immune to sickness and miasma.
You are immune to poison.
Your flesh is very heat resistant. (rF++)
You are vulnerable to cold. (rC-)
You float through the air rather than walking.
You learn spells naturally, not from books.
Your magical power is your life essence.
You have superior vitality. (+4 MHP)


Message History

t - 2 scrolls labelled CYMO DA VAUT (gained 1)
You see here 6 stones.
There is a stone staircase leading up here.
You now have 132 gold pieces (gained 12).
You see here a +0 dagger.
There is a stone staircase leading down here.
You see here a +0 hammer.
Things that are here:
a +0 scythe; a +0 robe
There is a stone staircase leading down here.
You fly downwards.
Found a glowing golden altar of the Shining One.
There is a stone staircase leading up here.
Casting: Foxfire (safe; 2% risk of failure)
Confirm with . or Enter, or press ? or * to list all spells.
You conjure some foxfire!
Casting: Foxfire (safe; 2% risk of failure)
Confirm with . or Enter, or press ? or * to list all spells.
You conjure some foxfire!
The foxfire hits the ball python.
The ball python is severely wounded.
The ball python hisses angrily.
You hear a shout! x2
You hear a shout!
The foxfire hits the ball python.
You kill the ball python!
A gnoll comes into view. It is wielding a +0 club.
Casting: Foxfire (safe; 2% risk of failure)
Confirm with . or Enter, or press ? or * to list all spells.
You conjure some foxfire!
The gnoll shouts!
A gnoll bouda comes into view. It is wielding a +0 whip.
Casting: Foxfire (safe; 2% risk of failure)
Confirm with . or Enter, or press ? or * to list all spells.
You conjure some foxfire!
The foxfire hits the gnoll bouda.
The gnoll bouda is lightly wounded.
A gnoll comes into view. It is wielding a +0 whip.
The gnoll bouda barks out a call to the hunt!
The gnolls pick up the pace!
Casting: Foxfire (safe; 2% risk of failure)
Confirm with . or Enter, or press ? or * to list all spells.
You conjure some foxfire!
Casting: Foxfire (safe; 2% risk of failure)
Confirm with . or Enter, or press ? or * to list all spells.
You conjure some foxfire!
The foxfire hits the gnoll bouda.
The gnoll bouda is moderately wounded.
The foxfire hits the gnoll bouda.
The gnoll bouda is moderately wounded.
The foxfire hits the gnoll bouda but does no damage.
The gnoll bouda is moderately wounded.
A gnoll comes into view. It is wielding a +0 whip.
Casting: Foxfire (safe; 2% risk of failure)
Confirm with . or Enter, or press ? or * to list all spells.
You conjure some foxfire!
Your foxfire dissipates!
A gnoll comes into view. It is wielding a +0 club.
Casting: Foxfire (safe; 2% risk of failure)
Confirm with . or Enter, or press ? or * to list all spells.
The spell is quite dangerous to miscast (22% risk of failure)!
Continue anyway?
Casting: Flame Wave (quite dangerous; 22% risk of failure)
Press: ? - help, Dir - look around, f - activate You miscast Flame Wave.
You are very lightly contaminated with residual magic.
Energy rips through your body!
The foxfire hits the gnoll bouda.
The gnoll bouda is severely wounded.
The foxfire hits the gnoll bouda but does no damage.
The gnoll bouda is severely wounded.
The foxfire hits the gnoll bouda but does no damage.
The gnoll bouda is severely wounded.
A gnoll comes into view. It is wielding a +0 club.
The gnoll hits you with a +0 club!
* * * LOW HITPOINT WARNING * * *
Casting: Flame Wave (quite dangerous; 22% risk of failure)
Confirm with . or Enter, or press ? or * to list all spells.
The spell is quite dangerous to miscast (22% risk of failure)!
Continue anyway?
Casting: Flame Wave (quite dangerous; 22% risk of failure)
Press: ? - help, Dir - look around, f - activate A wave of flame ripples out!
The tree burns like a torch!
The flame wave engulfs the gnoll.
The gnoll is moderately wounded.
The flame wave engulfs the gnoll bouda!
You kill the gnoll bouda! (Press . to intensify the flame waves.)
The gnoll shouts!
* * * LOW HITPOINT WARNING * * *
The gnoll hits you with a +0 club.
* * * LOW HITPOINT WARNING * * *
A wave of flame ripples out!
The flame wave engulfs the gnoll!
You kill the gnoll!
The flame wave engulfs the gnoll!
The gnoll is severely wounded.
The flame wave engulfs the gnoll!
The gnoll is severely wounded.
The tree burns like a torch!
The flame wave engulfs the gnoll!
The gnoll is heavily wounded.
* * * LOW HITPOINT WARNING * * *
The gnoll hits you with a +0 club.
* * * LOW HITPOINT WARNING * * *
You are engulfed in blazing flames.
You resist.
* * * LOW HITPOINT WARNING * * *
The gnoll hits you with a +0 whip.
You die...

.#### ......
......♣♣♣♣♣♣♣
......♣.....♣
......§§§_..♣
......§§§..♣♣..
#...gg@§......
#....g)#....##
+....g.# ...#
#......# ....
#......# ...
#......# ##
###....# #....+


You could see 4 gnolls.

Vanquished Creatures
  Sigmund (D:3)
  A gnoll bouda (D:4)
  2 adders
  A gnoll (D:4)
  3 dart slugs
  An orc (D:3)
  5 ball pythons
  2 endoplasms (D:2)
  7 giant cockroaches
  8 hobgoblins
  7 kobolds
  2 quokkas (D:2)
  6 bats
  4 frilled lizards
  6 goblins
  9 rats
65 creatures vanquished.

Vanquished Creatures (others)
  207 foxfires
207 creatures vanquished.

Grand Total: 272 creatures vanquished

Notes
Turn   | Place    | Note
-------+----------+-------------------------------------------
     0 | D:1      | RascalDebosk the Djinni Fire Elementalist began the quest
                  | for the Orb.
     0 | D:1      | RascalDebosk set off with the following spells memorised:
                  | Foxfire, Scorch, Volatile Blastmotes, Inner Flame, Flame
                  | Wave.
     0 | D:1      | Reached XP level 1. HP: 15/15 MP: 0/0
   113 | D:1      | Reached XP level 2. HP: 18/21 MP: 0/0
   247 | D:1      | Reached skill level 3 in Spellcasting
   451 | D:1      | Reached XP level 3. HP: 23/25 MP: 0/0
   451 | D:1      | Learned a level 1 spell: Kiss of Death
  1080 | D:2      | Reached XP level 4. HP: 18/31 MP: 0/0
  1842 | D:3      | Reached skill level 4 in Spellcasting
  1891 | D:3      | Noticed a bullfrog
  1892 | D:3      | Noticed Loveship's ghost (amateur BaGl)
  1897 | D:3      | Found a transporter.
  2014 | D:3      | Noticed Sigmund
  2020 | D:3      | Killed Sigmund
  2021 | D:3      | Reached skill level 1 in Armour
  2021 | D:3      | Reached skill level 1 in Evocations
  2021 | D:3      | Reached XP level 5. HP: 26/38 MP: 0/0
  2021 | D:3      | Learned a level 2 spell: Wereblood
  2021 | D:3      | Reached XP level 6. HP: 30/43 MP: 0/0
  2106 | D:3      | Found a runed translucent door.
  2107 | D:3      | Noticed Crazy Yiuf
  2146 | D:3      | Found a transporter.
  2329 | D:3      | Found a faded altar of an unknown god.
  2541 | D:4      | Found a glowing golden altar of the Shining One.
  2553 | D:4      | HP: 1/45 [cloud of flame (3)]
  2553 | D:4      | Slain by a gnoll

Illustrated notes

Levels and vault maps discovered:
D:1:      dpeg_arrival_simpleton_c, layout_loops_ring, minmay_3d_cube
D:2:      layout_loops_ring, minmay_small_reverse_x
D:3:      layout_loops_ring, ebering_ecumenical_altar_hall,
          gammafunk_ghost_arena, uniq_crazy_yiuf_cottage, uniq_sigmund
D:4:      cheibrodos_barr_body, layout_gridville, mainiacjoe_overflow_alcove_1,
          mainiacjoe_overflow_paths, mainiacjoe_overflow_alcove_4,
          lemuel_crystal_altar

Skill      XL: |  1  2  3  4 |
---------------+-------------+-----
Spellcasting   | 3 4 |  4.4
Fighting       | 2 |  2.4
Armour         | 1 |  1.5
Evocations     | 1 |  1.4
Dodging        | |  2.1
Stealth        | |  1.5

Action                     |  1- 3 |  4- 6 || total
---------------------------+-------+-------++-------
  Melee: Dagger            |       |    11 ||    11
   Cast: Foxfire           |    73 |    60 ||   133
         Scorch            |     4 |     9 ||    13
         Flame Wave        |       |     1 ||     1
   Stab: Sleeping          |       |     2 ||     2
 Armour: Robe              |     2 |     1 ||     3
  Dodge: Dodged            |     3 |    10 ||    13
